[Event "Late-Titled-Tuesday-Blitz-December-26-2023"]
[Site "Chess.com"]
[Date "2023.12.26"]
[Round "5"]
[White "Dewarfd"]
[Black "czasnaszachy"]
[Result "0-1"]
[WhiteElo "2115"]
[BlackElo "2397"]
[TimeControl "180+1"]
[EndTime "14:54:03 PST"]
[Termination "czasnaszachy won on time"]

1. d4 Nf6 2. e3 g6 3. Nf3 Bg7 4. Be2 O-O 5. b4 d6 6. Bb2 Nbd7 7. c4 Qe8 8. d5 e5 9. dxe6 fxe6 10. O-O e5 11. Qb3 Kh8 12. Rd1 e4 13. Nd4 Ne5 14. Qc2 Bg4 15. h3 Bxe2 16. Qxe2 Nd3 17. Nc3 Nxb2 18. Qxb2 Qf7 19. c5 d5 20. Rd2 Nd7 21. c6 Ne5 22. cxb7 Rab8 23. Qb3 Nc4 24. Re2 Rxb7 25. Rc1 c5 26. Nxd5 Qxd5 27. Qxc4 Qxc4 28. Rxc4 cxd4 29. exd4 Re8 30. a3 Rd7 31. Rd2 Red8 0-1

[Event "Late-Titled-Tuesday-Blitz-December-26-2023"]
[Site "Chess.com"]
[Date "2023.12.26"]
[Round "5"]
[White "Mikhail_Golubev"]
[Black "ilushka"]
[Result "1-0"]
[WhiteElo "2628"]
[BlackElo "2443"]
[TimeControl "180+1"]
[EndTime "14:54:12 PST"]
[Termination "Mikhail_Golubev won by resignation"]

1. e4 e5 2. Nf3 Nc6 3. Bc4 Nf6 4. Ng5 d5 5. exd5 Na5 6. Bb5+ c6 7. dxc6 bxc6 8. Bd3 h6 9. Ne4 Nd5 10. O-O Nf4 11.
Re1 Nxd3 12. cxd3 Be7 13. b4 Nb7 14. Bb2 O-O 15. Bxe5 Bxb4 16. Nbc3 Nc5 17. Nxc5 Bxc5 18. Qf3 Be6 19. Qxc6 Rc8 20. Qf3 Bd4 21. Qg3 Bxe5 22. Rxe5 Qd4 23. Re4 Qd7 24. Rae1 Rfd8 25. d4 Rc4 26. d5 Rxe4 27. Nxe4 Bxd5 28. Nf6+ 1-0

[Event "Late-Titled-Tuesday-Blitz-December-26-2023"]
[Site "Chess.com"]
[Date "2023.12.26"]
[Round "5"]
[White "norman927"]
[Black "ChessLebaneseSalah"]
[Result "0-1"]
[WhiteElo "2309"]
[BlackElo "2444"]
[TimeControl "180+1"]
[EndTime "14:54:13 PST"]
[Termination "ChessLebaneseSalah won on time"]

1. e4 c5 2. Nf3 d6 3. Nc3 Nf6 4. Bc4 Nc6 5. d4 cxd4 6. Nxd4 Qb6 7. Nb3 a6 8. Be3 Qc7 9. Be2 e6 10. Qd2 b5 11. O-O-O b4 12. Na4 Nxe4 13. Qd3 d5 14. Bf3 Ne5 15. Qe2 Nxf3 16. gxf3 Nf6 17. Nb6 Rb8 18.
Nxc8 Rxc8 19. Kb1 a5 20. Qb5+ Qc6 21. Qxc6+ Rxc6 22. Nxa5 Ra6 23. Nb3 Be7 24. Rhg1 g6 25.
Bd4 O-O 26. f4 Rfa8 27. a3 bxa3 28. bxa3 Rxa3 29. f5 exf5 30. Rde1 Bd8 31. Re5 Ne4 32. Rxd5 Be7 33. f3 Nf6 34. Rb5 Ne8 35. Re1 Nd6 36.
Rb6 Bf8 37. Be5 Nc4 38. Rb5 Nxe5 39. Rexe5 Bg7 40. Kb2 f4 41. c3 Ra2+ 42. Kc1 Bxe5 43. Rxe5 Rxh2 0-1

[Event "Late-Titled-Tuesday-Blitz-December-26-2023"]
[Site "Chess.com"]
[Date "2023.12.26"]
[Round "5"]
[White "PushingpawnsNYC"]
[Black "Vision_64"]
[Result "1/2-1/2"]
[WhiteElo "2481"]
[BlackElo "2307"]
[TimeControl "180+1"]
[EndTime "14:54:15 PST"]
[Termination "Game drawn by repetition"]

1. e4 e6 2. d4 d5 3. Bd3 Nc6 4. c3 e5 5. Qe2 Be7 6. exd5 Qxd5 7. Be4 Qd6 8. d5 Nb8 9. c4 Nf6 10. Nc3 Nxe4 11. Nxe4 Qb4+ 12. Bd2 Qxb2 13. Rd1 O-O 14. Nf3 Bg4 15. h3 Bh5 16. O-O f5 17.
Nc3 e4 18. g4 fxg4 19. Qxe4 gxf3 20. Qxe7 Na6 21. Rfe1 Rae8 22. Qg5 Bg6 23. Nb5 Rxe1+ 24. Rxe1 Rf5 25. Qd8+ Rf8 26. Qg5 Rf5 27. Qd8+ Rf8 28. Qg5 1/2-1/2

[Event "Late-Titled-Tuesday-Blitz-December-26-2023"]
[Site "Chess.com"]
[Date "2023.12.26"]
[Round "5"]
[White "Hikaru"]
[Black "Szparu"]
[Result "1-0"]
[WhiteElo "3236"]
[BlackElo "2899"]
[TimeControl "180+1"]
[EndTime "14:54:22 PST"]
[Termination "Hikaru won on time"]

1. Nf3 d5 2. e3 c5 3. b3 Nf6 4. Bb2 g6 5. Bxf6 exf6 6. c3 Nc6 7.
d4 Be6 8. g3 Bd6 9. dxc5 Bxc5 10.
Bg2 O-O 11. O-O a5 12. a3 f5 13. Nbd2 Qf6 14. Nd4 Rfd8 15. N2f3 Bf8 16. Qd2 h5 17. h4 Ne5 18. Ng5 Bh6 19. Ne2 Rac8 20. a4 Nd7 21. Nf3 Nc5 22. Nfd4 Ne4 23. Qd3 Rc5 24. b4 Rc4 25.
bxa5 Ra8 26. Rfb1 Bf8 27. Rb5 Nd6 28. Bxd5 Bxd5 29. Rxd5 Rcc8 30. Rb1 Ne4 31. Rbb5 Qe7 32. Nf3 Qa3 33. Rxb7 Nc5 34. Rxc5 Rxc5 35. Ng5 Qxa4 36.
Rxf7 Qe8 37. Nf4 Rd8 38. Qb1 Rd6 39. Qa2 Rd1+ 40. Kh2 Rcd5 41. Nxd5 1-0

[Event "Late-Titled-Tuesday-Blitz-December-26-2023"]
[Site "Chess.com"]
[Date "2023.12.26"]
[Round "5"]
[White "mbojan"]
[Black "aksuliini1"]
[Result "1-0"]
[WhiteElo "2887"]
[BlackElo "2480"]
[TimeControl "180+1"]
[EndTime "14:54:23 PST"]
[Termination "mbojan won on time"]

1. e4 c5 2. Nf3 d6 3. d4 cxd4 4. Nxd4 Nf6 5. Nc3 a6 6. Bg5 e6 7.
f4 Be7 8. Qf3 Qc7 9. O-O-O Nbd7 10. f5 e5 11. Nde2 b5 12. Bxf6 Nxf6 13. Nd5 Nxd5 14.
exd5 Bb7 15. Ng3 O-O 16. c3 b4 17. c4 a5 18. Kb1 a4 19. Ne4 f6 20. g4 g6 21. Bd3 Kg7 22. h4 b3 23. a3 Ba6 24.
Rc1 Qb6 25. fxg6 hxg6 26. h5 f5 27. gxf5 gxf5 28. Ng3 Bg5 29. Nxf5+ Kh8 30. Rcg1 Rg8 31. Qe4 Bf6 32. Rg6 Bg5 33. Nxd6 Qc7 34. Rf1 Bf4 35.
Rxf4 exf4 36. Rh6+ Kg7 37. Rh7+ 1-0

[Event "Late-Titled-Tuesday-Blitz-December-26-2023"]
[Site "Chess.com"]
[Date "2023.12.26"]
[Round "5"]
[White "nitpicker"]
[Black "jactorres"]
[Result "0-1"]
[WhiteElo "2315"]
[BlackElo "2509"]
[TimeControl "180+1"]
[EndTime "14:54:24 PST"]
[Termination "jactorres won by resignation"]

1. d4 Nf6 2. c4 e5 3. dxe5 Ng4 4. Bf4 g5 5. Bd2 Nxe5 6. Bc3 Nbc6 7. e3 Rg8 8. Qc2 h6 9. Nd2 Bg7 10. Qh7 Kf8 11.
O-O-O d6 12. f4 gxf4 13. exf4 Ng4 14. Nh3 Bxc3 15. bxc3 Qf6 16. Ne4 Qf5 17. Qxf5 Bxf5 18. Ng3 Bd7 19. Bd3 Re8 20. Rhe1 Kg7 21. Nh5+ Kh8 22. c5 d5 23. Bc2 Ne7 24. c4 c6 25.
cxd5 Nxd5 26. Bb3 Nge3 27. Rd2 Bg4 28. Nf2 Bxh5 29. h3 Nxg2 30. Rxe8 Rxe8 31. Bxd5 cxd5 32. Rxd5 Nxf4 33. Rf5 Ne2+ 34. Kd2 Bg6 35. Rf6 Nd4 36. Rd6 Re2+ 37. Kc3 Rxf2 38. Rxd4 Rxa2 39. Rd8+ Kg7 40. Rd7 Be4 41. Kd4 Bc6 0-1

[Event "Late-Titled-Tuesday-Blitz-December-26-2023"]
[Site "Chess.com"]
[Date "2023.12.26"]
[Round "5"]
[White "prime-morty"]
[Black "KVAIDAN"]
[Result "1-0"]
[WhiteElo "2548"]
[BlackElo "2382"]
[TimeControl "180+1"]
[EndTime "14:54:28 PST"]
[Termination "prime-morty won by checkmate"]

1. c4 f5 2. g3 Nf6 3. Bg2 d6 4. d4 e6 5. Nc3 Be7 6. Nh3 O-O 7. O-O c6 8. Nf4 Qe8 9. b3 e5 10. dxe5 dxe5 11. Nd3 Nbd7 12. Bb2 a5 13.
e4 Nc5 14. Nxc5 Bxc5 15. Na4 Ba7 16. exf5 Bxf5 17. Qd6 Ng4 18. c5 Rd8 19. Qc7 Rd2 20.
Qxa5 Rxb2 21. Nxb2 Bb8 22. h3 Nf6 23. Nc4 Qh5 24.
h4 g5 25. Ne3 gxh4 26. Nxf5 Qxf5 27. Qc3 e4 28. Rae1 Re8 29. gxh4 Nh5 30. Qc4+ Kh8 31.
Rxe4 Rg8 32. Qc3+ Nf6 33. Rfe1 Qg6 34. Rg4 Qxg4 35. Qxf6+ Qg7 36. Qxg7+ Kxg7 37. Re7+ Kh6 38. Rxb7 Be5 39. Kf1 Rd8 40. Be4 Rd4 41. Rxh7# 1-0

[Event "Late-Titled-Tuesday-Blitz-December-26-2023"]
[Site "Chess.com"]
[Date "2023.12.26"]
[Round "5"]
[White "Mystery2007"]
[Black "Genghis_K"]
[Result "0-1"]
[WhiteElo "2588"]
[BlackElo "2866"]
[TimeControl "180+1"]
[EndTime "14:54:30 PST"]
[Termination "Genghis_K won on time"]

1. Nf3 Nf6 2. b3 d5 3. Bb2 Bf5 4. d3 h6 5. Nbd2 e6 6. c4 Be7 7. g3 O-O 8. Bg2 c6 9. O-O a5 10. a3 Na6 11. Qc2 Bh7 12. Rfe1 Re8 13. Ne5 Nd7 14.
Nxd7 Qxd7 15. Rad1 Bf8 16. e4 Nc5 17. Nf3 dxe4 18. dxe4 Qc7 19. Ne5 Rad8 20. Ng4 Rxd1 21. Rxd1 Rd8 22. f3 Rxd1+ 23. Qxd1 Qb6 24. Qd4 f6 25. Bh3 e5 26. Qf2 Qxb3 27. Ne3 Nd3 28. Be6+ Kh8 29. Qd2 Nxb2 30. Nf1 Qd3 0-1

[Event "Late-Titled-Tuesday-Blitz-December-26-2023"]
[Site "Chess.com"]
[Date "2023.12.26"]
[Round "5"]
[White "KnobbedHornbill"]
[Black "PawnStorn"]
[Result "0-1"]
[WhiteElo "2510"]
[BlackElo "2398"]
[TimeControl "180+1"]
[EndTime "14:54:31 PST"]
[Termination "PawnStorn won by resignation"]

1. d4 Nf6 2. c4 e6 3. g3 d5 4. Nf3 dxc4 5. Bg2 b5 6. Ne5 Nd5 7. a4 c6 8. O-O Bb7 9. e4 Nb6 10. axb5 cxb5 11. Qh5 Qc7 12. Bf4 Bd6 13. Nxf7 Qxf7 14.
Qxf7+ Kxf7 15. Bxd6 Nc6 16. Bc5 Na4 17. Rxa4 bxa4 18.
Na3 e5 19. d5 Na5 20. Bb4 Nb3 21. Nxc4 Ba6 22. Nxe5+ Kf6 23. Nd7+ Kf7 24. Re1 Nd4 25. f4 Nc2 26. Ne5+ Ke8 27. Rc1 Nxb4 28. Rc7 Nd3 29. Nc6 Bb5 30. Nd4 Bd7 31. e5 Rc8 32. Rxa7 Rc1+ 33.
Bf1 Bh3 34. Ra8+ Kf7 35. Ra7+ Kg6 36. f5+ Kh5 37. g4+ Kh6 38. g5+ Kh5 0-1

[Event "Late-Titled-Tuesday-Blitz-December-26-2023"]
[Site "Chess.com"]
[Date "2023.12.26"]
[Round "5"]
[White "BeardedNM"]
[Black "timedothwasteme"]
[Result "1/2-1/2"]
[WhiteElo "2168"]
[BlackElo "2424"]
[TimeControl "180+1"]
[EndTime "14:54:32 PST"]
[Termination "Game drawn by agreement"]

1. e4 d5 2. exd5 Qxd5 3. Nc3 Qd8 4. d4 Nf6 5. Nf3 e6 6. Bg5 Be7 7. Qd2 Nd5 8. Nxd5 exd5 9. O-O-O O-O 10. Bd3 Bg4 11. Rde1 Bf6 12. Bxf6 Qxf6 13. Ne5 Bf5 14. Qf4 Bg6 15. Qxf6 gxf6 16. Nxg6 fxg6 17. Re7 Rf7 18. Re8+ Rf8 19. Rhe1 Nc6 20. Rxa8 Rxa8 21. c3 Kf7 22. Bb5 Ne7 23. Bd7 Rd8 24. Be6+ Kf8 25. Kd2 Re8 26. g4 h6 27. h4 c6 28. h5 g5 29. f4 Rd8 30. Rf1 Rd6 31. Bf5 Nxf5 32. gxf5 Kf7 33. Re1 Rd8 34. Re6 gxf4 35. Ke2 Rg8 36. Kf3 Rg5 37. Kxf4 Rxh5 38. Rd6 Ke7 39. Re6+ Kf7 40. Rd6 1/2-1/2

[Event "Late-Titled-Tuesday-Blitz-December-26-2023"]
[Site "Chess.com"]
[Date "2023.12.26"]
[Round "5"]
[White "SocoLoco"]
[Black "SHIVACalypso"]
[Result "1-0"]
[WhiteElo "2125"]
[BlackElo "2383"]
[TimeControl "180+1"]
[EndTime "14:54:32 PST"]
[Termination "SocoLoco won by checkmate"]

1. e4 c6 2. b3 d5 3. Bb2 dxe4 4.
Nc3 Nf6 5. Nge2 e5 6. Ng3 Bg4 7. Be2 Bxe2 8. Qxe2 Bd6 9. Ncxe4 Nxe4 10. Nxe4 Bc7 11.
d4 O-O 12. O-O-O exd4 13. Rxd4 Qe7 14. Re1 Na6 15. Rd3 Qe6 16. Re3 Bf4 17. Qh5 Bxe3+ 18. Rxe3 Qg6 19. Qh4 Rfe8 20. Nf6+ gxf6 21. Rg3 Rad8 22.
Bc3 Re6 23. Rxg6+ fxg6 24. Bxf6 Rdd6 25. Bc3 Nc5 26. Kb2 Ne4 27. f3 Nxc3 28. Kxc3 Re3+ 29. Kb2 Re2 30. Qc4+ Ree6 31. f4 Kg7 32. g4 Re7 33. f5 gxf5 34. gxf5 Red7 35. Qg4+ Kf6 36. h4 Rd4 37. Qg5+ Kf7 38. Qh6 Kg8 39. Qe6+ Kf8 40. h5 R4d6 41. Qe5 Kg8 42. h6 b6 43. Qe8# 1-0

[Event "Late-Titled-Tuesday-Blitz-December-26-2023"]
[Site "Chess.com"]
[Date "2023.12.26"]
[Round "5"]
[White "PawnEatingZombie"]
[Black "b_6"]
[Result "0-1"]
[WhiteElo "2095"]
[BlackElo "2385"]
[TimeControl "180+1"]
[EndTime "14:54:33 PST"]
[Termination "b_6 won on time"]

1. e4 e6 2. d4 d5 3. e5 c5 4. c3 Nc6 5. Nf3 Qb6 6. Bd3 cxd4 7.
O-O Bd7 8. Re1 Nge7 9. h4 a6 10. h5 g6 11. Nbd2 gxh5 12. Nb3 dxc3 13. bxc3 Ng6 14.
Bg5 Bg7 15. c4 Ncxe5 16. Nxe5 Nxe5 17. cxd5 Nxd3 18. Qxd3 Bxa1 19. Nxa1 Qd6 20. Nb3 Rg8 21. Bh4 Rg4 22. Bg3 Rxg3 23. fxg3 O-O-O 24. Qe3 Kb8 25. dxe6 Bxe6 26. Nc5 Qd4 27. Nxa6+ bxa6 28. Rb1+ Ka7 29. Qxd4+ Rxd4 0-1

[Event "Late-Titled-Tuesday-Blitz-December-26-2023"]
[Site "Chess.com"]
[Date "2023.12.26"]
[Round "5"]
[White "djano"]
[Black "Rakitic2010"]
[Result "1-0"]
[WhiteElo "2651"]
[BlackElo "2518"]
[TimeControl "180+1"]
[EndTime "14:54:41 PST"]
[Termination "djano won by checkmate"]

1. d4 Nf6 2. Bf4 c5 3. d5 d6 4.
Nc3 g6 5. e4 Bg7 6. Bb5+ Bd7 7.
a4 O-O 8. Nf3 a6 9. Be2 e5 10.
dxe6 Bxe6 11. Qxd6 Qa5 12. O-O Nc6 13. Ng5 Rfd8 14.
Qc7 Qb4 15. Nxe6 fxe6 16. Bc1 Nh5 17. a5 Be5 18. Qb6 Nf6 19. Ra4 Qxb6 20. axb6 Nd4 21. Bd1 Rac8 22. f4 Bb8 23. e5 Nd5 24. Nxd5 Rxd5 25.
c3 Nf5 26. Bf3 Rd7 27. g3 Rcd8 28. Kf2 g5 29. b4 cxb4 30. Rxb4 Ne7 31. Bg4 Kf7 32.
Ke2 Nd5 33. fxg5+ Ke7 34. Rb3 Bxe5 35. Ba3+ Bd6 36. c4 Nxb6 37. Rxb6 Bxa3 38. Rxe6# 1-0

[Event "Late-Titled-Tuesday-Blitz-December-26-2023"]
[Site "Chess.com"]
[Date "2023.12.26"]
[Round "5"]
[White "Vladimir_Zakhartsov"]
[Black "NoHeThTo"]
[Result "0-1"]
[WhiteElo "2862"]
[BlackElo "2697"]
[TimeControl "180+1"]
[EndTime "14:54:42 PST"]
[Termination "NoHeThTo won by checkmate"]

1. e4 c5 2. Nf3 g6 3. d4 cxd4 4.
Qxd4 Nf6 5. Bb5 a6 6. e5 axb5 7.
exf6 Nc6 8. Qh4 Ra4 9. fxe7 Bxe7 10. Qh6 Re4+ 11. Be3 d5 12. Nc3 Rg4 13. O-O-O Be6 14. h3 Bf8 15. Qxf8+ Kxf8 16. hxg4 b4 17. Ne4 Qa5 18. Nf6 Qxa2 19. Nxh7+ Ke7 20. Bg5+ Kd6 21. Bf4+ Kc5 22. Be3+ Kb5 23. Nd4+ Nxd4 24. Bxd4 Rc8 25. Kd2 Rc4 26. Ke3 Rxc2 27. Nf6 Qc4 28. Rhe1 g5 29. Rd3 Rxf2 30. b3 Qc2 31. Be5 Rxg2 32. Kd4 Qc5# 0-1

[Event "Late-Titled-Tuesday-Blitz-December-26-2023"]
[Site "Chess.com"]
[Date "2023.12.26"]
[Round "5"]
[White "olawsson"]
[Black "EsmeraldasAnderson03"]
[Result "0-1"]
[WhiteElo "2158"]
[BlackElo "2399"]
[TimeControl "180+1"]
[EndTime "14:54:42 PST"]
[Termination "EsmeraldasAnderson03 won on time"]

1. d4 d5 2. c4 dxc4 3. e4 Nf6 4. Nc3 e5 5. Nf3 exd4 6. Nxd4 Bb4 7. Qa4+ c6 8. Qxb4 Qxd4 9. Be3 Qe5 10. Bxc4 a5 11. Qc5 Nbd7 12. Qxe5+ Nxe5 13. Be2 Be6 14. b3 Neg4 15.
Bc5 Nd7 16. Bd6 O-O-O 17. h3 Ngf6 18. e5 Nd5 19. Nxd5 Bxd5 20. O-O Rde8 21. f4 f6 22. Bg4 Be6 23. f5 Bd5 24. e6 Nb6 25. Rac1 h5 26.
Be2 Kd8 27. Bc5 Nc8 28. Rfd1 b6 29. Bf2 Ne7 30. Bg3 Nxf5 31. Rxd5+ cxd5 32. Bc7+ Ke7 0-1

[Event "Late-Titled-Tuesday-Blitz-December-26-2023"]
[Site "Chess.com"]
[Date "2023.12.26"]
[Round "5"]
[White "vladoboch"]
[Black "INLOVEWITHF"]
[Result "1-0"]
[WhiteElo "2418"]
[BlackElo "2526"]
[TimeControl "180+1"]
[EndTime "14:54:43 PST"]
[Termination "vladoboch won by resignation"]

1. e4 e5 2. Nf3 Nc6 3. Bc4 Nf6 4. d3 Bc5 5. c3 d6 6. Nbd2 a5 7. a4 O-O 8. Nf1 d5 9. exd5 Nxd5 10. Ng3 h6 11.
O-O Be6 12. Re1 Ba7 13. Qe2 Re8 14. Bb5 Nf4 15. Bxf4 exf4 16. Ne4 f5 17. Ned2 Bd5 18. Qf1 Qf6 19. d4 Re4 20. c4 Rxe1 21. Rxe1 Bxf3 22.
Nxf3 Nxd4 23. Qd3 c6 24. c5 Nxf3+ 25. Qxf3 cxb5 26. Qxb7 Qd8 27. c6 Kh7 28. h3 Qd4 29. Rf1 Rb8 30. Qf7 bxa4 31. c7 Rxb2 32. Qxf5+ g6 33.
Qf7+ Qg7 34. Qxg7+ Kxg7 35. c8=Q f3 36. Qc3+ 1-0

[Event "Late-Titled-Tuesday-Blitz-December-26-2023"]
[Site "Chess.com"]
[Date "2023.12.26"]
[Round "5"]
[White "katharinareinecke"]
[Black "Maect19"]
[Result "0-1"]
[WhiteElo "2018"]
[BlackElo "2355"]
[TimeControl "180+1"]
[EndTime "14:54:43 PST"]
[Termination "Maect19 won by resignation"]

1. d4 d5 2. c4 c6 3. Nf3 Nf6 4. g3 dxc4 5. Bg2 g6 6. O-O Bg7 7.
a4 Be6 8. Na3 Nbd7 9. Qc2 O-O 10. Nxc4 Nb6 11. Nxb6 axb6 12. b3 Nd5 13. Bb2 Nb4 14.
Qd1 Bd5 15. Re1 Be4 16. Rc1 c5 17. e3 Qd5 18. Rc3 Rac8 19. Nh4 Bxg2 20. Nxg2 Rfd8 21. Qc1 Rc6 22. Rc4 Nd3 23. Qc2 Nxe1 24. Nxe1 cxd4 25. Bxd4 Bxd4 26. exd4 Rxc4 27. bxc4 Qxd4 28. Nf3 Qd1+ 29.
Qxd1 Rxd1+ 30. Kg2 Ra1 31. Ne5 Rxa4 32. Nd7 Rxc4 33.
Nxb6 Rc6 34. Na4 b5 35. Nb2 b4 36. Kf3 b3 37. Ke3 Rc2 38. Na4 b2 39. Kd3 b1=Q 0-1

[Event "Late-Titled-Tuesday-Blitz-December-26-2023"]
[Site "Chess.com"]
[Date "2023.12.26"]
[Round "5"]
[White "Gyulamiryan-koryun"]
[Black "Felix-Rose"]
[Result "0-1"]
[WhiteElo "2024"]
[BlackElo "2231"]
[TimeControl "180+1"]
[EndTime "14:54:44 PST"]
[Termination "Felix-Rose won on time"]

1. e4 g6 2. d4 Bg7 3. f4 d6 4. Nf3 Nf6 5. Nc3 O-O 6. Be2 c5 7. Be3 cxd4 8. Nxd4 Qa5 9. O-O e5 10. Nb3 Qc7 11. f5 a6 12. Bg5 gxf5 13. Bxf6 Bxf6 14. Nd5 Qd8 15. Nxf6+ Qxf6 16. Bc4 f4 17. Nd2 Nc6 18. c3 Kh8 19. Nf3 Rg8 20. Qd5 Be6 21.
Qd3 Bh3 22. Ne1 Qg6 23. Qxh3 Rg7 24. Be2 Qxe4 25. Bf3 Qe3+ 26. Rf2 e4 27. Nc2 Qd3 28. Rd1 Qc4 29. Na3 Qa4 30. Rxd6 exf3 31. Qxf3 Rag8 32. Rdd2 Ne5 0-1

[Event "Late-Titled-Tuesday-Blitz-December-26-2023"]
[Site "Chess.com"]
[Date "2023.12.26"]
[Round "5"]
[White "lefonghua"]
[Black "Skatchkov_V"]
[Result "0-1"]
[WhiteElo "2677"]
[BlackElo "2580"]
[TimeControl "180+1"]
[EndTime "14:54:45 PST"]
[Termination "Skatchkov_V won by resignation"]

1. d4 Nf6 2. c4 e6 3. Nc3 Bb4 4. f3 c5 5. a3 cxd4 6. axb4 dxc3 7. bxc3 d5 8. e3 O-O 9. c5 e5 10. Ne2 Be6 11. Ng3 Nbd7 12. Be2 Qc7 13. O-O b6 14.
cxb6 axb6 15. Rxa8 Rxa8 16. Bb2 h6 17. Qb1 Qd6 18.
Rd1 Rc8 19. Nf5 Qf8 20. Bb5 Kh8 21. c4 Qxb4 22. Bxd7 Bxd7 23. cxd5 Qb3 24. Ne7 Rc2 25. Bxe5 Qxe3+ 26. Kh1 Qe2 27. Rg1 Bh3 28. Qxc2 Qxc2 29. gxh3 Qd3 30. Rg3 Qf1+ 31. Rg1 Qxf3+ 32. Rg2 Nxd5 33.
Bxg7+ Kh7 34. Nxd5 Qxd5 35. Bb2 b5 36. Kg1 Qd1+ 37.
Kf2 Qc2+ 38. Kf1 Qb1+ 0-1

[Event "Late-Titled-Tuesday-Blitz-December-26-2023"]
[Site "Chess.com"]
[Date "2023.12.26"]
[Round "5"]
[White "morte-negra"]
[Black "laskakid"]
[Result "0-1"]
[WhiteElo "2006"]
[BlackElo "2354"]
[TimeControl "180+1"]
[EndTime "14:54:45 PST"]
[Termination "laskakid won on time"]

1. e4 e5 2. f4 exf4 3. Bc4 Nc6 4.
d4 Qh4+ 5. Kf1 Nf6 6. Nf3 Qh5 7. Nc3 d5 8. exd5 Na5 9. Bb5+ c6 10. dxc6 bxc6 11. Bd3 Bd6 12. Qe2+ Be6 13. Ne5 Qxe2+ 14. Nxe2 g5 15. c4 Bxe5 16. dxe5 Nd7 17. Bd2 Nxc4 18. Bxc4 Bxc4 19. Bc3 O-O 20. Kf2 Rfe8 21. Rhe1 Nc5 22. Kg1 Nd3 23. Red1 Nxe5 24. Nd4 Bd5 25. Nf5 Rad8 26. Nh6+ Kg7 27. Ng4 f6 28. Nxe5 fxe5 29.
Re1 Kf6 30. Re2 Kf5 31. Rae1 e4 32. h3 e3 33. b3 Be4 34. g3 Bd3 35. Rb2 f3 36. g4+ Kg6 0-1

[Event "Late-Titled-Tuesday-Blitz-December-26-2023"]
[Site "Chess.com"]
[Date "2023.12.26"]
[Round "5"]
[White "MightyGMpretender"]
[Black "nindjaxx8"]
[Result "0-1"]
[WhiteElo "2744"]
[BlackElo "2590"]
[TimeControl "180+1"]
[EndTime "14:54:47 PST"]
[Termination "nindjaxx8 won by checkmate"]

1. d4 d5 2. Nf3 Nf6 3. e3 e6 4.
Bd3 Be7 5. b3 O-O 6. Bb2 b6 7.
Nbd2 Bb7 8. Ne5 Nbd7 9. f4 Ne4 10. O-O f5 11. Kh1 c5 12. Nxe4 fxe4 13. Bb5 Nxe5 14. fxe5 Bg5 15. Qg4 Qe7 16. Bd7 Qxd7 17. Qxg5 Qb5 18.
Rf6 Qe2 19. h4 Qxc2 20. Ba3 Ba6 21. Rxe6 Rf7 22. Rf6 Raf8 23. dxc5 h6 24. Qf5 bxc5 25. Rxf7 Rxf7 26. Qe6 Qf2 27. Bxc5 Qxh4+ 28. Kg1 Qf2+ 29.
Kh2 Kh7 30. Qxd5 Rf5 31. Qxe4 Bb7 32. Qg4 Rh5+ 33. Qh3 Qxg2# 0-1

[Event "Late-Titled-Tuesday-Blitz-December-26-2023"]
[Site "Chess.com"]
[Date "2023.12.26"]
[Round "5"]
[White "TST2014"]
[Black "attack2mateU"]
[Result "0-1"]
[WhiteElo "2561"]
[BlackElo "2718"]
[TimeControl "180+1"]
[EndTime "14:54:47 PST"]
[Termination "attack2mateU won by checkmate"]

1. d4 Nf6 2. c4 g6 3. Nf3 Bg7 4. Nc3 d5 5. Bg5 Ne4 6. Bh4 Nxc3 7. bxc3 dxc4 8. Qa4+ Qd7 9. Qxc4 b6 10. e3 Ba6 11.
Qb3 Bxf1 12. Kxf1 Nc6 13. h3 Na5 14. Qa3 c5 15. Kg1 Rc8 16. Kh2 Nc4 17. Qa6 Nd6 18.
Rhd1 Ne4 19. Qd3 Qb7 20. Rac1 O-O 21. c4 cxd4 22. exd4 h6 23. d5 f5 24. Bg3 g5 25.
Nd4 Nc5 26. Qe2 f4 27. Ne6 fxg3+ 28. fxg3 Nxe6 29. Qxe6+ Kh8 30. a4 Rf6 31. Qe4 Rcf8 32. a5 Rf2 33. axb6 axb6 34. c5 bxc5 35. Rxc5 Qb2 36.
Rg1 Re2 37. Qg4 Bd4 38. Rb1 Rxg2+ 39. Kh1 Rh2# 0-1

[Event "Late-Titled-Tuesday-Blitz-December-26-2023"]
[Site "Chess.com"]
[Date "2023.12.26"]
[Round "5"]
[White "YouShallNotPass001"]
[Black "bazar-wokzal"]
[Result "0-1"]
[WhiteElo "2511"]
[BlackElo "2652"]
[TimeControl "180+1"]
[EndTime "14:54:49 PST"]
[Termination "bazar-wokzal won on time"]

1. Nf3 c5 2. g3 Nc6 3. Bg2 e5 4. O-O g5 5. c4 g4 6. Ne1 h5 7. Nc3 h4 8. d3 d6 9. Nd5 Be6 10. Nc2 Bh6 11. b4 cxb4 12. Ncxb4 Nxb4 13. Nxb4 Ne7 14. Bxh6 Rxh6 15. Bxb7 Rb8 16. Nc6 Nxc6 17. Bxc6+ Kf8 18. Qd2 Kg7 19. Rfb1 hxg3 20. fxg3 Rb6 21. Be4 f5 22. Bg2 f4 23. gxf4 Qh4 24. Rxb6 axb6 25. fxe5 Qxh2+ 26. Kf1 Qxe5 27. Rb1 Rf6+ 28. Kg1 Qc5+ 29.
e3 g3 30. Rb5 Qc7 31. Rg5+ Rg6 32. Qb2+ Kh6 33. Rxg6+ Kxg6 34. Qd4 Qf7 35. Be4+ Kg5 36. Qb2 Bh3 37. Qe2 Qf6 38. d4 Kh4 39. Qf3 Qg5 0-1

[Event "Late-Titled-Tuesday-Blitz-December-26-2023"]
[Site "Chess.com"]
[Date "2023.12.26"]
[Round "5"]
[White "Elsa167"]
[Black "Durarbayli"]
[Result "0-1"]
[WhiteElo "2981"]
[BlackElo "2909"]
[TimeControl "180+1"]
[EndTime "14:54:50 PST"]
[Termination "Durarbayli won on time"]

1. d4 d5 2. c4 c6 3. cxd5 cxd5 4. Bf4 Nf6 5. e3 Nc6 6. Nc3 a6 7. Be2 Bf5 8. Nf3 e6 9. Qb3 Nh5 10. Qxb7 Na5 11. Qc7 Nxf4 12. Qxd8+ Kxd8 13. exf4 Bb4 14. O-O Bxc3 15. bxc3 Ke7 16. Nh4 Be4 17. Rfc1 h6 18. Nf3 Rhb8 19. Ne1 Rb2 20. Kf1 Nc4 21. Bd3 Rc8 22.
Kg1 a5 23. Bxe4 dxe4 24. Nc2 a4 25. Nb4 a3 26. g4 Kd6 27. Re1 f5 28. gxf5 exf5 29.
Kf1 Nd2+ 30. Kg2 Rxc3 31. Re2 Nc4 32. Rxb2 axb2 33. Rb1 Rc1 0-1

[Event "Late-Titled-Tuesday-Blitz-December-26-2023"]
[Site "Chess.com"]
[Date "2023.12.26"]
[Round "5"]
[White "Slovak_fighter2000"]
[Black "hsd2016"]
[Result "0-1"]
[WhiteElo "2484"]
[BlackElo "2281"]
[TimeControl "180+1"]
[EndTime "14:54:50 PST"]
[Termination "hsd2016 won on time"]

1. Nh3 e5 2. d4 exd4 3. Qxd4 Nc6 4. Qa4 d5 5. g3 Nf6 6. Bg2 Bd7 7. Qh4 Be7 8. Bg5 h6 9. c3 O-O 10. Bxh6 gxh6 11.
Qxh6 Nh7 12. O-O Bxh3 13. Qxh3 Qd6 14. Rd1 Qe6 15. Qh5 Rad8 16. Bxd5 Qe5 17. Qg4+ Kh8 18. e4 f5 19. Qe2 fxe4 20. Bxc6 bxc6 21. Nd2 Bc5 22.
Rf1 e3 23. Kg2 Rxd2 24. Qg4 Rdxf2+ 25. Rxf2 Rxf2+ 26. Kh3 Ng5+ 27. Kh4 Rxh2+ 0-1

[Event "Late-Titled-Tuesday-Blitz-December-26-2023"]
[Site "Chess.com"]
[Date "2023.12.26"]
[Round "5"]
[White "DCacheiro"]
[Black "maracayo"]
[Result "1-0"]
[WhiteElo "2557"]
[BlackElo "2392"]
[TimeControl "180+1"]
[EndTime "14:54:53 PST"]
[Termination "DCacheiro won by resignation"]

1. e4 d6 2. d4 Nf6 3. Nc3 c6 4.
d5 Qa5 5. dxc6 Nxc6 6. Bd3 Bg4 7. f3 Bd7 8. Be3 e6 9. Ne2 Be7 10. O-O O-O 11. Qd2 Rfd8 12. a3 Rac8 13. b4 Qc7 14.
Nb5 Qb8 15. c4 Ne5 16. Bxa7 Qa8 17. Bb6 Rf8 18. Rfc1 Bxb5 19. cxb5 Rxc1+ 20. Nxc1 d5 21. exd5 Nxd3 22. Nxd3 Nxd5 23. Bd4 Rd8 24. Qb2 f6 25. Bc5 Qa4 26. Qe2 e5 27. Bxe7 Nxe7 28. Nc5 Qa7 29. Qa2+ Kh8 30. Qf7 b6 31. Ne6 Rg8 32.
Rd1 Nc8 33. Qxa7 Nxa7 34. a4 Ra8 35. Rd8+ Rxd8 36. Nxd8 Kg8 37. a5 Nxb5 38. axb6 Nd6 39. b7 Nxb7 40. Nxb7 1-0